 Dungeon Crawl Stone Soup version 0.27.0-1-g7a089689b8 (webtiles) character file.

Game seed: 11165485734689332836

28 ZombieSheep the Chucker (level 3, 0/30 (35) HPs)
             Began as a Troll Hunter on Aug 1, 2021.
             Succumbed to an adder's poison
             ... on level 2 of the Dungeon.
             The game lasted 00:01:11 (240 turns).

ZombieSheep the Chucker (Troll Hunter)               Turns: 240, Time: 00:01:11

HP:   0/30 (35)     AC:  4    Str: 20    XL:     3   Next: 0%
MP:   2/2           EV: 10    Int:  7    God:
Gold: 37            SH:  0    Dex: 11    Spells: 2/2 levels left

rFire    . . .     SeeInvis .     - Unarmed
rCold    . . .     Faith    .   (no shield)
rNeg     . . .     Spirit   .   b - +0 robe
rPois    .         Reflect  .   (helmet restricted)
rElec    .         Harm     .   (no cloak)
rCorr    .         Rampage  .   (gloves unavailable)
Will     .....                  (boots unavailable)
Stlth    +.........             (no amulet)
HPRegen  1.10/turn              (no ring)
MPRegen  0.08/turn              (no ring)

@: lethally poisoned (0 -> -1), flying, heavily drained
A: large, unfitting armour, claws 3, regeneration 1, shaggy fur 1, tough skin 1
a: no special abilities


You were on level 2 of the Dungeon.
You visited 1 branch of the dungeon, and saw 2 of its levels.

You collected 37 gold pieces.

Inventory:

Missiles
 c - 5 large rocks (quivered)
 d - 2 throwing nets
Armour
 b - a +0 robe (worn)


   Skills:
 + Level 2.0 Fighting
 + Level 3.8 Throwing
 + Level 1.9 Dodging
 - Level 0.3 Stealth
 + Level 1.1 Unarmed Combat


You had 2 spell levels left.
You didn't know any spells.
Your spell library contained the following spells:

 Spells                   Type           Power      Damage    Failure   Level
 Static Discharge         Conj/Air       0%         N/A       56%         2
 Lightning Bolt           Conj/Air       0%         1d11      100%        5
 Maxwell's Capacitive Co  Air            0%         ∞         100%        8


Dungeon Overview and Level Annotations

Branches:
Dungeon (1/15)

Altars:

Annotations:
D:2 Natasha


Innate Abilities, Weirdness & Mutations

You are too large for most types of armour.
You have claws for hands.
Your natural rate of healing is unusually fast.
You are covered in fur. (AC +1)
You have tough skin. (AC +1)


Message History

The gnoll hits you with a +0 whip. The gnoll barely misses you.
The gnoll hits you with a +0 whip.
Found a robe.
The adder completely misses you. The gnoll closely misses you.
The adder barely misses you.
Found a stone staircase leading up.
The adder misses you. Natasha claws you.
The adder bites you but does no damage. Natasha closely misses you.
Natasha claws you.
Natasha casts a spell.
The adder closely misses you.
Found 4 gold pieces.
Found a scroll labelled DEMEVO JOCLILE.
The adder bites you.
Found an escape hatch in the ceiling.
Natasha mumbles some strange words.
The shadow imp grins evilly.
You see here a scroll labelled DEMEVO JOCLILE.
The gnoll hits you with a +1 flail of draining!
You feel drained. The adder bites you.
You claw the gnoll!
The gnoll is almost dead.
The adder barely misses you.
The gnoll hits you with a +1 flail of draining.
You feel drained.
You closely miss the adder. The adder closely misses you.
The gnoll barely misses you.
You miss the adder. The adder bites you but does no damage.
The gnoll hits you with a +1 flail of draining!
* * * LOW HITPOINT WARNING * * *
You feel drained.
* * * LOW HITPOINT WARNING * * *
You closely miss the adder. The adder bites you.
* * * LOW HITPOINT WARNING * * *
The adder bites you.
* * * LOW HITPOINT WARNING * * *
You are lethally poisoned!
The adder poisons you! The gnoll hits you but does no damage.
You feel drained.
You scratch the adder but do no damage.
You die...

.###.....# # #
#..#..##..###.
#.#.#...##.....
##.#.#...##...#
..$......##.<.#
.......5.##...###.#
........h..h......#
#.......###S##....
..#####.# #@# .
#.###g# #g5.gg####
#.g....<..
#g.###### #..# #..#
....>. #[....##..


You could see Natasha, 2 gnolls, an adder and a goblin.

Vanquished Creatures
  A dart slug (D:1)
  2 endoplasms (D:1)
  A giant cockroach (D:1)
  2 goblins (D:1)
  4 hobgoblins (D:1)
  4 jackals (D:1)
  2 kobolds (D:1)
  A quokka (D:1)
  2 ball pythons (D:1)
  A bat (D:1)
  A frilled lizard (D:1)
  A rat (D:1)
22 creatures vanquished.

Notes
Turn   | Place    | Note
-------+----------+-------------------------------------------
     0 | D:1      | ZombieSheep the Troll Hunter began the quest for the Orb.
     0 | D:1      | Reached XP level 1. HP: 19/19 MP: 0/0
   108 | D:1      | Reached XP level 2. HP: 28/28 MP: 1/1
   161 | D:1      | Reached skill level 1 in Unarmed Combat
   218 | D:1      | Reached XP level 3. HP: 35/35 MP: 2/2
   222 | D:1      | You fall into a shaft and drop 1 floor!
   222 | D:2      | Noticed Natasha
   239 | D:2      | HP: 1/31 [adder (3)]
   240 | D:2      | Succumbed to an adder's poison

Illustrated notes

Levels and vault maps discovered:
D:1:      amcnicky_arrival_gap_in_the_tavern_cellar, layout_rooms,
          minmay_pentomino_s4
D:2:      cheibrodos_helix_gallery, layout_loops_ring,
          ebering_ecumenical_altar_hall, uniq_natasha

Skill      XL: |  1  2 |
---------------+-------+-----
Unarmed Combat | 1 |  1.1
Fighting       | 2 |  2.0
Throwing       | |  3.8
Dodging        | |  1.9
Stealth        | |  0.3

Action                   || total
-------------------------++-------
Melee: Unarmed           ||    56
  Use: Potion            ||     1
Armor: Robe              ||    20
Dodge: Dodged            ||    50
